 Dungeon Crawl Stone Soup version 0.29-a0-369-gd956c00756 (webtiles) character file.

Game seed: 4014764598748575762

5048 timneilson the Protected (level 10, -11/61 HPs)
             Began as a Gargoyle Fighter on May 1, 2022.
             Was a Believer of Okawaru.
             Killed from afar by Maurice (43 damage)
             ... with a bolt of acid
             ... on level 8 of the Dungeon.
             The game lasted 00:29:32 (8816 turns).

timneilson the Protected (Gargoyle Fighter)         Turns: 8816, Time: 00:29:33

Health: -11/61     AC: 18    Str: 34    XL:     10   Next: 55%
Magic:  11/11      EV: 14    Int:  9    God:    Okawaru [**....]
Gold:   0          SH:  6    Dex: 11    Spells: 9/9 levels left

rFire   + + .      SeeInvis .   a - +11 trident "Soyssiax" {protect, rF++ Str+4}
rCold   + . .      Faith    .   c - +0 buckler
rNeg    + . .      Spirit   .   f - +4 chain mail {rC+}
rPois   ∞          Reflect  .   p - +1 helmet
rElec   +          Harm     .   (no cloak)
rCorr   .          Rampage  .   j - +0 pair of gloves
Will    .....      Rage     1%  (no boots)
Stlth   ..........              (no amulet)
HPRegen 0.20/turn               g - +6 ring of strength
MPRegen 0.12/turn               n - +4 ring of evasion

@: corroded
A: sickness immunity, AC +7, negative energy resistance 1, electricity
resistance, torment resistance 1, petrification resistance, talons 1, agile 1,
berserk 1
a: Renounce Religion, Heroism


You were on level 8 of the Dungeon.
You worshipped Okawaru.
Okawaru was pleased with you.
You visited 2 branches of the dungeon, and saw 9 of its levels.

Inventory:

Hand Weapons
 a - the +11 trident "Soyssiax" (weapon) {protect, rF++ Str+4}
   (You found it on level 8 of the Dungeon)

   It grants its wielder temporary protection when it strikes (+7 to AC).
   Str:       It affects your strength (+4).
   rF:        It greatly protects you from fire.
 i - a +3 scimitar
Armour
 c - a +0 buckler (worn)
 f - a +4 chain mail of cold resistance (worn)
 j - a +0 pair of gloves (worn)
 p - a +1 helmet (worn)
 s - a +0 kite shield
Jewellery
 g - a +6 ring of strength (left hand)
 n - a +4 ring of evasion (right hand)
Wands
 e - a wand of mindburst (11)
 w - a wand of flame (7)
Scrolls
 b - a scroll of teleportation
 h - a scroll of enchant armour
 o - 4 scrolls of identify
 r - a scroll of summoning
 u - a scroll of enchant weapon
 x - a scroll of amnesia
Potions
 d - 3 potions of curing
 k - 2 potions of mutation
 l - 3 potions of lignification
 m - 3 potions of attraction
 q - a potion of flight


   Skills:
 + Level 6.4 Fighting
 - Level 6.4 Long Blades
 * Level 1.7 Polearms
 * Level 8.5 Armour
 + Level 4.0 Dodging
 * Level 8.4 Shields
 + Level 2.4 Invocations
 + Level 4.3 Evocations


You had 9 spell levels left.
You didn't know any spells.
Your spell library contained the following spells:

 Spells                   Type           Power      Damage    Failure   Level
 Pain                     Necr           0%         1d4       87%         1
 Corpse Rot               Necr/Air       0%         N/A       95%         2
 Ensorcelled Hibernation  Hex/Ice        0%         N/A       95%         2
 Passwall                 Tmut/Erth      0%         N/A       95%         2
 Poisonous Vapours        Pois/Air       0%         N/A       95%         2
 Inner Flame              Hex/Fire       0%         N/A       99%         3
 Swiftness                Air            0%         N/A       99%         3
 Vampiric Draining        Necr           0%         2d6       99%         3
 Cause Fear               Hex            0%         N/A       100%        4
 Dispel Undead            Necr           0%         3d6       100%        4
 Discord                  Hex            0%         N/A       100%        8
 Chain Lightning          Conj/Air       0%         N/A       100%        9
 Fire Storm               Conj/Fire      0%         5d1       100%        9
 Shatter                  Erth           0%         3d5*      100%        9
 Animate Skeleton         Necr           Unusable   N/A       N/A         1
 Death Channel            Necr           Unusable   N/A       N/A         6

Dungeon Overview and Level Annotations

Branches:
Dungeon (8/15)             Temple (1/1) D:7
   Lair: D:8-11

Altars:
Cheibriados
Dithmenos
Elyvilon
Gozag
Kikubaaqudgha
Nemelex Xobeh
Okawaru
Ru
Sif Muna
Trog
Wu Jian
Xom
Yredelemnul
Zin
The Shining One

Shops:
D:1 [[![   D:2 *

Annotations:
D:5 5 runed translucent doors, 1 exclusion, Taurus's ghost, amateur DECj
D:8 Maurice


Innate Abilities, Weirdness & Mutations

You are immune to sickness and miasma.
Your stone body is resilient. (AC +7)
You are immune to poison.
You resist negative energy. (rN+)
You are resistant to electric shocks. (rElec)
You are resistant to unholy torment.
You are immune to petrification.
You have sharp toenails.
You are agile. (Dex +2)
You tend to lose your temper in combat.


Message History

Maurice is moderately wounded.
Maurice hits you with a +0 dagger.
Maurice steals 485 gold pieces!
You now have 34 gold pieces.
You puncture Maurice! You claw Maurice, but do no damage.
Maurice is heavily wounded.
Maurice gestures wildly while chanting.
Maurice puts on a burst of speed!
You barely miss Maurice. Your kick misses Maurice.
Maurice is heavily wounded.
You block Maurice's attack.
You closely miss Maurice.
The kobold shouts!
You claw Maurice.
Maurice is heavily wounded.
Maurice mumbles some strange words.
Maurice blinks!
The kobold throws a stone.
You block the stone.
Maurice zaps a wand.
The bolt of acid hits you! The acid corrodes you!
The kobold throws a stone.
You block the stone.
Maurice zaps a wand.
The bolt of acid hits you but does no damage.
The acid corrodes you!
Maurice gestures wildly while chanting.
Maurice flickers and vanishes!
Deactivating autopickup; reactivate with Ctrl-A.
Reach: a) +11 trident "Soyssiax" {protect, rF++ Str+4}
Press: ? - help, Dir - move target You reach to attack!
You puncture something!
Your weapon exudes an aura of protection.
A throwing net appears from out of thin air!
The throwing net hits you.
You become entangled in the net!
The kobold throws a stone.
The stone closely misses you.
You struggle against the net.
You struggle against the net.
Something hits you.
Something steals 34 gold pieces!
You now have 0 gold pieces.
You rip the net and break free!
You hear a zap.
A bolt of acid appears from out of thin air!
The bolt of acid hits you!!!
Ouch! That really hurt!
You die...

## .. ... ##### .
..# #...[ #. #.#
#.### ####[# #.##.#
#.# #.### .<...#
#....# #.# #....
###..#
#.####..####.# #.#
#....
.(......K...@{..#
#.# ##..##
.###.###..######
##.###.#...
###.###..#####
#.....###.#
............#
#..###.#..#
#######[###.# #.)#
##...# #)# #.#
#..####.#.#
#.###.####.........#
#......)<..##.####..
#####..))...........


You could see a kobold.

Vanquished Creatures
  Amaemon (D:8)
  Pikel (D:6)
  An orange demon (D:8)
  The ghost of jujuben the Slinger, an amateur GnHu of Dithmenos (D:4)
  A hornet (D:7)
  Prince Ribbit (D:6)
  Eustachio (D:5)
  Edmund (D:5)
  2 water moccasins
  Duvessa (D:6)
  A sky beast (D:8)
  2 ogres
  2 orc warriors
  A black bear (D:6)
  A lemure (D:6)
  2 kobold brigands (D:7)
  2 phantoms
  A bullfrog (D:6)
  2 gnoll sergeants
  13 wights
  Dowan (D:6)
  A howler monkey (D:6)
  3 hounds
  5 orc priests
  A gnoll shaman (D:7)
  Jessica (D:3)
  Terence (D:2)
  3 iguanas
  4 orc wizards
  17 gnolls
  5 adders
  A white imp (D:6)
  A dart slug (D:5)
  29 orcs
  5 bats
  3 endoplasms
  3 giant cockroaches
  9 goblins
  7 hobgoblins
  4 quokkas
  11 ball pythons
  10 frilled lizards
  9 kobolds
  3 rats
175 creatures vanquished.

Vanquished Creatures (others)
  4 plants (D:7)
4 creatures vanquished.

Grand Total: 179 creatures vanquished

Notes
Turn   | Place    | Note
-------+----------+-------------------------------------------
     0 | D:1      | timneilson the Gargoyle Fighter began the quest for the
                  | Orb.
     0 | D:1      | Reached XP level 1. HP: 14/14 MP: 1/1
   428 | D:1      | Reached XP level 2. HP: 12/19 MP: 2/2
   730 | D:1      | Found Rujisiut's Antique Armour Emporium.
   918 | D:1      | Found Ciovvugg's Distillery.
   989 | D:1      | Found Ymoc's Armour Emporium.
  1042 | D:1      | Found Ymumnaje's Antique Armour Shop.
  1050 | D:1      | Found a faded altar of an unknown god.
  1169 | D:2      | Reached XP level 3. HP: 16/23 MP: 3/3
  1179 | D:2      | Found Voacvul's General Store.
  1422 | D:2      | Noticed Terence
  1448 | D:2      | HP: 1/23 [Terence/+0 flail (5)]
  1449 | D:2      | Gained mutation: You are agile. (Dex +2) [potion of
                  | mutation]
  1449 | D:2      | Gained mutation: You tend to lose your temper in combat.
                  | [potion of mutation]
  1449 | D:2      | Gained mutation: You have sharp toenails. [potion of
                  | mutation]
  1453 | D:2      | Killed Terence
  1454 | D:2      | Reached XP level 4. HP: 19/28 MP: 4/4
  1545 | D:2      | Reached skill level 1 in Dodging
  1908 | D:3      | Found the +6 lightning scales {swift, rElec}
  1923 | D:3      | Noticed Jessica
  1932 | D:3      | Killed Jessica
  1933 | D:3      | Reached XP level 5. HP: 33/33 MP: 5/5
  2575 | D:4      | Found a transporter.
  2577 | D:4      | Noticed jujuben's ghost (amateur GnHu)
  2577 | D:4      | Noticed a phantom
  2623 | D:4      | Found a transporter.
  2707 | D:4      | Found a shimmering altar of Xom.
  2872 | D:4      | Reached skill level 1 in Evocations
  3309 | D:5      | Entered Level 5 of the Dungeon
  3309 | D:5      | Noticed an orc warrior
  3309 | D:5      | Noticed an ogre
  3372 | D:5      | Found an opulent altar of Gozag.
  3410 | D:4      | Reached XP level 6. HP: 34/38 MP: 6/6
  3483 | D:5      | Found a large runed translucent door.
  3483 | D:5      | Found a large runed translucent door.
  3654 | D:5      | Noticed Eustachio
  4153 | D:5      | Killed Eustachio
  4154 | D:5      | Reached skill level 5 in Armour
  4154 | D:5      | Reached skill level 5 in Shields
  4154 | D:5      | Reached XP level 7. HP: 25/43 MP: 7/7
  4837 | D:5      | Noticed Edmund
  4861 | D:5      | Reached XP level 8. HP: 38/48 MP: 8/8
  4871 | D:5      | Killed Edmund
  5085 | D:5      | Found a runed translucent gate.
  5085 | D:5      | Found a runed translucent gate.
  5085 | D:5      | Found a runed translucent gate.
  5088 | D:5      | Noticed Taurus's ghost (amateur DECj)
  5091 | D:5      | Noticed a yak
  5652 | D:4      | Killed jujuben's ghost
  5758 | D:6      | Reached skill level 5 in Fighting
  6060 | D:6      | Found a snail-covered altar of Cheibriados.
  6078 | D:6      | Noticed Pikel
  6113 | D:6      | Killed Pikel
  6114 | D:6      | Reached skill level 5 in Long Blades
  6114 | D:6      | Reached XP level 9. HP: 50/54 MP: 9/9
  6168 | D:6      | Noticed Duvessa
  6181 | D:6      | Noticed Dowan
  6195 | D:6      | Killed Duvessa
  6233 | D:6      | Killed Dowan
  6352 | D:6      | Noticed Prince Ribbit
  6366 | D:6      | Killed Prince Ribbit
  6521 | D:6      | Found a bloodstained altar of Trog.
  6768 | D:6      | Identified the +3 dagger "Liphinn" {distort, Will+ Str-3
                  | Stlth+}
  7165 | D:7      | Found a staircase to the Ecumenical Temple.
  7224 | Temple   | Entered the Ecumenical Temple
  7307 | Temple   | Became a worshipper of Warmaster Okawaru
  7431 | D:7      | Found an ornate altar of the Wu Jian Council.
  7793 | D:7      | Reached skill level 1 in Invocations
  7816 | D:7      | Reached XP level 10. HP: 60/60 MP: 10/10
  7993 | D:8      | Noticed Maurice
  8011 | D:7      | Reached * piety under Okawaru
  8346 | D:8      | Identified the +11 trident "Soyssiax" {protect, rF++ Str+4}
  8560 | D:8      | Noticed Amaemon
  8566 | D:8      | Noticed an orange demon
  8580 | D:8      | Killed Amaemon
  8580 | D:8      | Reached ** piety under Okawaru
  8581 | D:8      | Reached skill level 1 in Polearms
  8588 | D:8      | Killed an orange demon
  8816 | D:8      | Killed from afar by Maurice

Illustrated notes

Levels and vault maps discovered:
D:1:      doesnt_arrival_eight_statues, layout_loops_ring,
          ebering_ecumenical_altar_rust, serial_shops, shop, shop,
          nicolae_shop_competitors_out_of_business, nicolae_shop_behind_doors
D:2:      layout_loops_cross, serial_shops, shop, uniq_terence
D:3:      layout_basic, uniq_jessica
D:4:      layout_loops_ring, xom_teletrap_fun, gammafunk_ghost_arena
D:5:      layout_gridville, grunt_gozag_statues, jmf_multi_god_temple2,
          gammafunk_ghost_split, uniq_eustachio, uniq_edmund
D:6:      layout_basic, mainiacjoe_overflow_alcove_2,
          mainiacjoe_overflow_catwalk, uniq_prince_ribbit1, uniq_duvessa,
          uniq_pikel
D:7:      layout_loops_ring, pdpol_wu_jian_five_deadly_venoms,
          minmay_temple_entry_overgrown
D:8:      layout_loops_ring, grunt_temple_overflow_diamond,
          general_overflow_altar, uniq_maurice, uniq_amaemon
Temple:   compressed_dpeg_circular_temple

Skill      XL: |  1  2  3  4  5  6  7  8  9 10 |
---------------+-------------------------------+-----
Long Blades    | 2 3 4 5 6 |  6.4
Dodging        | 1 2 3 4 |  4.0
Armour         | 4 5 6 7 8 |  8.5
Shields        | 4 5 6 7 8 |  8.4
Evocations     | 1 2 3 4 |  4.3
Fighting       | 4 5 6 |  6.4
Invocations    | 1 2 |  2.4
Polearms       | 1 |  1.7

Action                   |  1- 3 |  4- 6 |  7- 9 | 10-12 || total
-------------------------+-------+-------+-------+-------++-------
Melee: Long sword        |   142 |   192 |    73 |       ||   407
       Kick              |       |    52 |   111 |    27 ||   190
       Scimitar          |       |       |   271 |    72 ||   343
       Trident           |       |       |       |    58 ||    58
  Use: Scroll            |     3 |     5 |     5 |     1 ||    14
       Potion            |     2 |     1 |     3 |       ||     6
Armor: Scale mail        |   105 |     1 |       |       ||   106
       Chain mail        |       |   154 |   147 |    61 ||   362
       Skin              |       |       |       |    25 ||    25
Dodge: Dodged            |   100 |   175 |   165 |    93 ||   533
Block: Buckler           |    40 |    80 |    97 |    48 ||   265

Table legend: (Time is in decaauts)
 A = Elapsed time spent in this place.
 B = Non-inter-level travel time spent in this place.
 C = Inter-level travel time spent in this place.
 D = Time resting spent in this place.
 E = Time spent auto-exploring this place.
 F = Levels seen in this place.
 G = Mean time per level.
                   A        B        C        D        E       F      G
               +--------+--------+--------+--------+--------+-----+--------+
         Total |   9105 |   8808 |    297 |   1471 |   4935 |   9 | 1011.7 |
       Dungeon |   8993 |   8703 |    290 |   1471 |   4846 |   8 | 1124.1 |
        Temple |    111 |    104 |      7 |      0 |     89 |   1 |  111.0 |
               +--------+--------+--------+--------+--------+-----+--------+

Top non-repeatable levels by time:
     D:4: 1975 daAuts
     D:5: 1447 daAuts
     D:7: 1287 daAuts
     D:6: 1257 daAuts
     D:1: 1175 daAuts
     D:2: 760 daAuts
     D:3: 674 daAuts
     D:8: 414 daAuts
  Temple: 111 daAuts
